 Dungeon Crawl Stone Soup version 0.22-a0-91-g23542c2 (webtiles) character file.

77 zhorgal the Poker (level 4, -10/34 HPs)
             Began as a Merfolk Skald on Jan 22, 2018.
             Mangled by Crazy Yiuf
             ... wielding a +3 quarterstaff of chaos
              (12 damage)
             ... on level 2 of the Dungeon.
             The game lasted 00:10:47 (1968 turns).

zhorgal the Poker (Merfolk Skald)                   Turns: 1968, Time: 00:10:47

Health: -10/34     AC:  4    Str: 11    XL:     4   Next: 34%
Magic:  3/7        EV: 12    Int: 13    God:
Gold:   134        SH:  0    Dex: 13    Spells: 0/7 levels left

rFire    . . .     SeeInvis .   a - +0 spear
rCold    . . .     Gourm    .   (no shield)
rNeg     . . .     Faith    .   b - +0 leather armour
rPois    .         Spirit   .   (no helmet)
rElec    .         Reflect  .   (no cloak)
rCorr    .         Harm     +   f - +0 pair of gloves
MR       .....                  (no boots)
Stlth    +.........             p - amulet of harm
HPRegen  0.11/turn              (no ring)
MPRegen  0.10/turn              (no ring)

@: lethally poisoned (-10 -> -17), infused
A: change form in water, swift swim, stealthy swim
a: no special abilities


You were on level 2 of the Dungeon.
You were not hungry.

You visited 1 branch of the dungeon, and saw 3 of its levels.

You collected 134 gold pieces.

Inventory:

Hand Weapons
 a - a +0 spear (weapon)
Missiles
 e - 14 poisoned needles
 r - 28 stones (quivered)
 s - 5 tomahawks
Armour
 b - a +0 leather armour (worn)
 f - a +0 pair of gloves (worn)
 g - a +0 chain mail
 q - a +0 chain mail
Jewellery
 p - an amulet of harm (around neck)
Scrolls
 h - 2 scrolls of teleportation {unknown}
 i - 4 scrolls of identify {unknown}
 t - a scroll of amnesia {unknown}
 u - 2 scrolls of immolation {unknown}
 v - a scroll of enchant armour {unknown}
Potions
 j - a potion of magic {unknown}
 k - a potion of haste {unknown}
 m - a potion of lignification {unknown}
 n - a potion of degeneration {unknown}
 o - a potion of curing {unknown}
Books
 c - a book of Battle

   Spells                             Type                      Level
   a - Infusion                       Charms                       1
   b - Shroud of Golubria             Charms/Translocation         2
   c - Song of Slaying                Charms                       2
   d - Spectral Weapon                Hexes/Charms                 3
   e - Regeneration                   Charms/Necromancy            3
Comestibles
 d - 4 rations
 l - 2 chunks of flesh


   Skills:
 - Level 2.4 Fighting
 + Level 5.3 Polearms
 - Level 0.6 Armour
 - Level 3.1 Dodging
 + Level 2.2 Spellcasting
 + Level 0.3 Hexes
 + Level 3.6 Charms


You couldn't memorise any spells.
You knew the following spells:

 Your Spells              Type           Power        Failure   Level  Hunger
a - Infusion              Chrm           ##..         8%          1    ##.....
b - Spectral Weapon       Hex/Chrm       #.......     41%         3    ####...
c - Regeneration          Chrm/Necr      #.........   43%         3    ####...


Dungeon Overview and Level Annotations

Branches:
Dungeon (3/15)

Altars:
Ashenzari

Annotations:
D:2 Crazy Yiuf, Sigmund


Message History

You hit Crazy Yiuf. Crazy Yiuf hits you but does no damage.
You are electrocuted!
Ouch! That really hurt!
You take 19 damage, and have 15/34 hp.
MASSIVE DAMAGE!!
You hit Crazy Yiuf.
Crazy Yiuf hits you with a quarterstaff of chaos.
You are poisoned.
You take 1 damage, and have 14/34 hp.
You now have 3/7 mp.
You barely miss Crazy Yiuf.
You feel sick.
You barely miss Crazy Yiuf.
You feel sick.
Crazy Yiuf hits you with a quarterstaff of chaos!
* * * LOW HITPOINT WARNING * * *
Crazy Yiuf freezes you.
* * * LOW HITPOINT WARNING * * *
You take 11 damage, and have 3/34 hp.
MASSIVE DAMAGE!!
You hit Crazy Yiuf.
* * * LOW HITPOINT WARNING * * *
You feel sick.
Crazy Yiuf hits you with a quarterstaff of chaos!
You die...

#.................##....#......#.
#..............................#.
#........#################...#.#.
#........# ##.##.#. #.....#.##
#.##.## #.....#.###♣ ### #.##...
#######....♣♣♣ ♣♣#..)# #.#####
#....PP♣♣♣♣g'...# ###.#####
##...PP.♣.@♣#...# #........
##....♣.♣♣♣ ### #........
###♣♣♣♣♣ #........ #....)...
#######..÷..... #..............
#.............. #.......#######
#########


You could see Crazy Yiuf.

Vanquished Creatures
  An adder (D:2)
  An ooze (D:2)
  2 worms (D:2)
  A leopard gecko (D:1)
  4 orcs (D:3)
  2 giant cockroaches (D:2)
  5 goblins
  3 hobgoblins
  9 jackals (D:1)
  7 bats
  4 frilled lizards
  7 kobolds
  2 rats
  A fungus (D:2)
49 creatures vanquished.

Notes
Turn   | Place    | Note
-------+----------+-------------------------------------------
     0 | D:1      | zhorgal the Merfolk Skald began the quest for the Orb.
     0 | D:1      | Reached XP level 1. HP: 16/16 MP: 3/3
   108 | D:1      | Reached skill level 4 in Polearms
   108 | D:1      | Reached XP level 2. HP: 22/22 MP: 0/5
   349 | D:1      | Reached skill level 5 in Polearms
   349 | D:1      | Reached XP level 3. HP: 23/27 MP: 6/6
   833 | D:2      | Noticed Sigmund
   898 | D:2      | Found a shattered altar of Ashenzari.
  1367 | D:2      | Reached XP level 4. HP: 27/34 MP: 0/7
  1482 | D:2      | Learned a level 3 spell: Spectral Weapon
  1486 | D:2      | Learned a level 3 spell: Regeneration
  1939 | D:2      | Found a runed door.
  1958 | D:2      | Noticed Crazy Yiuf
  1968 | D:2      | Mangled by Crazy Yiuf

Vault maps used:
D:1:      dpeg_arrival_lava_altar
D:2:      nicolae_dithmenos_through_a_glass_darkly, overflow_temple_1_default,
          uniq_sigmund, uniq_crazy_yiuf_cottage
D:3:      first_ration

Skill      XL: |  1  2  3 |
---------------+----------+-----
Polearms       | 4 5 |  5.3
Dodging        | 3 |  3.1
Fighting       | |  2.4
Armour         | |  0.6
Spellcasting   | |  2.2
Hexes          | |  0.3
Charms         | |  3.6

Action                   |  1- 3 |  4- 6 || total
-------------------------+-------+-------++-------
Melee: Spear             |   117 |    66 ||   183
 Cast: Infusion          |    10 |     8 ||    18
 Stab: Distracted        |     1 |       ||     1
  Eat: Chunk             |     2 |     2 ||     4
Armor: Leather armour    |    25 |     5 ||    30
Dodge: Dodged            |    41 |    18 ||    59

Table legend:
 A = Spawn XP
 B = Non-spawn XP
 C = Spawn XP percentage of total XP
 D = Spawn monster count
 E = Non-spawn monster count
 F = Spawn count percentage of total count
 G = Total turns spent on level
                    A         B        C        D         E        F      G
               +---------+---------+-------+---------+---------+-------+---------
         Total |       0 |     111 |   0.0 |       0 |      48 |   0.0 |  1968
               +---------+---------+-------+---------+---------+-------+---------
           D:1 |       0 |      47 |   0.0 |       0 |      26 |   0.0 |   797
           D:2 |       0 |      48 |   0.0 |       0 |      15 |   0.0 |   867
           D:3 |       0 |      16 |   0.0 |       0 |       7 |   0.0 |   304
               +---------+---------+-------+---------+---------+-------+---------
